 Dungeon Crawl Stone Soup version 0.18.0-1-g0107ab7 (webtiles) character file.

952 Alarkh the Poker (level 7, -4/50 HPs)
             Began as a Mummy Skald on May 5, 2016.
             Was an Initiate of Gozag.
             Shot with an arrow by a centaur (11 damage)
             ... on level 5 of the Dungeon.
             The game lasted 00:07:23 (4419 turns).

Alarkh the Poker (Mummy Skald)                      Turns: 4419, Time: 00:07:24

Health: -4/50      AC:  4    Str: 15    XL:     7   Next: 90%
Magic:  6/13       EV: 11    Int: 14    God:    Gozag
Gold:   197        SH:  0    Dex: 11    Spells: 3 memorised, 8 levels left

rFire  x . .     SeeInvis .     g - +0 trident
rCold  + + .     Gourm    .     b - +1 leather armour
rNeg   + + +     Faith    .     (no shield)
rPois  ∞         Spirit   .     (no helmet)
rElec  .         Dismiss  .     (no cloak)
rCorr  .         Reflect  .     (no gloves)
SustAt .         Harm     .     (no boots)
MR     .....                    (no amulet)
Stlth  +.........               (no ring)
                                o - ring of protection from cold

@: not resistant to hostile enchantments, very unstealthy
A: no food or potions, fire vulnerability, cold resistance 1, negative energy
resistance 3, torment resistance, unbreathing
a: Potion Petition, Call Merchant, Bribe Branch, Renounce Religion


You were on level 5 of the Dungeon.
You worshipped Gozag.
Gozag was noncommittal.
You were not hungry.

You visited 2 branches of the dungeon, and saw 6 of its levels.

You collected 270 gold pieces.
You paid 73 gold pieces to Gozag.

Inventory:

Hand Weapons
 a - a +0 spear
 g - a +0 trident (weapon)
Armour
 b - a +1 leather armour (worn)
Jewellery
 o - a ring of protection from cold (left hand)
Scrolls
 d - a scroll of fear
 e - 2 scrolls of enchant armour
 f - a scroll of remove curse
 h - 2 scrolls of blinking
 i - a scroll of teleportation
 j - 2 scrolls of identify
 k - a scroll of noise {unknown}
 l - a scroll of amnesia {unknown}
 m - a scroll of immolation {unknown}
 n - a scroll of recharging {unknown}
Books
 c - a book of Battle

   Spells                             Type                      Level
   a - Infusion                       Charms                       1
   b - Shroud of Golubria             Charms/Translocation         2
   c - Song of Slaying                Charms                       2
   d - Spectral Weapon                Hexes/Charms                 3
   e - Regeneration                   Charms/Necromancy            3


   Skills:
 - Level 2.0 Fighting
 - Level 6.0 Polearms
 - Level 0.7 Armour
 - Level 0.7 Dodging
 + Level 4.2 Spellcasting
 + Level 4.1 Charms


You had 8 spell levels left.
You knew the following spells:

 Your Spells              Type           Power        Failure   Level  Hunger
a - Infusion              Chrm           ##..         4%          1    N/A
c - Spectral Weapon       Hex/Chrm       #.......     30%         3    N/A
e - Shroud of Golubria    Chrm/Tloc      #.........   17%         2    N/A

Dungeon Overview and Level Annotations

Branches:
Dungeon (5/15)             Temple (1/1) D:5

Altars:
Ashenzari
Cheibriados
Dithmenos
Gozag
Kikubaaqudgha
Makhleb
Nemelex Xobeh
Okawaru
Pakellas
Qazlal
Ru
Sif Muna
Trog
Xom
Zin
The Shining One

Annotations:
D:5 1 runed door


Innate Abilities, Weirdness & Mutations

You do not eat or drink.
Your flesh is vulnerable to fire.
You are immune to poison.
Your flesh is cold resistant.
You are immune to negative energy.
You are immune to unholy pain and torment.
You can survive without breathing.


Message History

You now have 197 gold pieces (gained 6).
Found a runed door.
Your spectral weapon fades away.
Found an escape hatch in the floor.
Key pressed, stopping explore.
A centaur comes into view.
A centaur is nearby!
The centaur shouts!
The centaur wields a shortbow.
The centaur shoots an arrow.
The arrow hits you!
You see here an arrow.
The centaur drinks a potion.
The centaur seems to speed up.
Casting: Spectral Weapon
Confirm with . or Enter, or press ? or * to list all spells.
You draw out your weapon's spirit!
The centaur shoots an arrow.
The arrow hits you!
The centaur shoots an arrow.
The arrow hits you.
The centaur shoots an arrow.
The arrow hits you!
* * * LOW HITPOINT WARNING * * *
The centaur shoots an arrow.
The arrow hits you!
You die...
Your body crumbles into a pile of gold.

#.#######.##.######
..# ..........##.#
##. #
.###########.. ...
.# #### #.# .# #.#
.# #.# <## #.# [[#
#####.# ..###
##(@.c.## ....#####
##.(###.(#####...
........#
###..##>##........#
....###.#
#...###.###..###.##
..### #.#
#..####.####c# >.#
#.# #..#A.._.. .#
### #.# #..###+.##
#.# #.###...###.#
#...
#........##>##...c


You could see a centaur and a friendly spectral trident.

Vanquished Creatures
  The ghost of bollicks1999 the Covert, an amateur OpAs (D:3)
  A phantom (D:4)
  2 ogres
  A scorpion (D:5)
  2 crimson imps (D:4)
  A hound (D:5)
  3 orc wizards
  2 centaur skeletons (D:4)
  2 worker ants
  6 adders
  3 gnolls (D:5)
  An adder skeleton (D:4)
  A worm (D:3)
  4 giant geckos
  12 orcs
  A ball python (D:2)
  2 giant cockroaches
  5 goblins
  4 hobgoblins
  19 jackals
  4 quokkas
  A ball python skeleton (D:4)
  5 bats
  A giant gecko skeleton (D:4)
  A giant newt (D:4)
  7 kobolds
  5 rats
97 creatures vanquished.

Notes
Turn   | Place    | Note
--------------------------------------------------------------
     0 | D:1      | Alarkh the Mummy Skald began the quest for the Orb.
     0 | D:1      | Reached XP level 1. HP: 16/16 MP: 3/3
   110 | D:1      | Reached skill level 2 in Polearms
   175 | D:1      | Reached XP level 2. HP: 17/22 MP: 1/5
   204 | D:1      | Learned a level 2 spell: Shroud of Golubria
   645 | D:2      | Reached XP level 3. HP: 18/27 MP: 0/6
   779 | D:2      | Reached skill level 3 in Polearms
   784 | D:2      | Found a burning altar of Makhleb.
   786 | D:2      | Noticed a balrug
  1035 | D:3      | Noticed bollicks1999's ghost (amateur OpAs)
  1496 | D:3      | Killed bollicks1999's ghost
  1496 | D:3      | Reached skill level 5 in Polearms
  1496 | D:3      | Reached XP level 4. HP: 13/33 MP: 1/7
  1496 | D:3      | Reached XP level 5. HP: 15/38 MP: 1/8
  1701 | D:3      | Reached XP level 6. HP: 36/44 MP: 2/9
  1708 | D:3      | Found a shadowy altar of Dithmenos.
  1907 | D:5      | Entered Level 5 of the Dungeon
  2267 | D:4      | Reached skill level 6 in Polearms
  2272 | D:4      | Learned a level 3 spell: Spectral Weapon
  2313 | D:4      | Found a bloodstained altar of Trog.
  2647 | D:5      | Reached XP level 7. HP: 31/50 MP: 4/10
  4065 | D:5      | Found a staircase to the Ecumenical Temple.
  4073 | Temple   | Entered the Ecumenical Temple
  4224 | Temple   | Became a worshipper of Gozag Ym Sagoz the Greedy
  4363 | D:5      | Found a glowing silver altar of Zin.
  4398 | D:5      | Noticed an angel
  4400 | D:5      | Found a runed door.
  4419 | D:5      | Shot with an arrow by a centaur

Skill      XL: |  1  2  3  4  5  6  7 |
---------------+----------------------+-----
Polearms       | 2 5 6 |  6.0
Charms         | 4 |  4.1
Spellcasting   | 4 |  4.2
Fighting       | |  2.0
Armour         | |  0.7
Dodging        | |  0.7

Action                   |  1- 3 |  4- 6 |  7- 9 || total
-------------------------+-------+-------+-------++-------
Melee: Spear             |   126 |       |       ||   126
       Trident           |    46 |   145 |   123 ||   314
Throw: Throwing net      |       |     1 |     1 ||     2
 Cast: Infusion          |    21 |    17 |    11 ||    49
       Shroud of Golubri |     2 |     1 |     8 ||    11
       Spectral Weapon   |       |       |     7 ||     7
  Use: Scroll            |     4 |     1 |       ||     5
 Stab: Held in net/web   |       |     1 |       ||     1
Armor: Leather armour    |    54 |    37 |    16 ||   107
Dodge: Dodged            |    90 |    71 |    57 ||   218
